[Event "World Junior Chess Championship U20 2022"]
[White "Milikow, Yoav"]
[Black "Budisavljevic, Luka"]
[WhiteFideId "2822237"]
[BlackFideId "960047"]
[WhiteElo "2412"]
[BlackElo "2524"]
[Result "1/2-1/2"]
[Round "02"]
[TimeControl "5400+30"]
[Date "2022.10.13"]
[WhiteClock "0:52:46"]
[BlackClock "0:07:59"]

1. d4 e6 2. c4 Nf6 3. Nc3 Bb4 4. Qc2 d5 5. a3 Bxc3+ 6. Qxc3 O-O 7. Nf3 dxc4 8. Qxc4 b6 9. Bg5 Ba6 10. Qa4 h6 11. Bh4 c5 12. dxc5 bxc5 13. Rc1 Qb6 14. Bxf6 gxf6 15. Rc2 c4 16. e3 Bb5 17. Qb4 Rc8 18. Be2 Na6 19. Qc3 Ba4 20. Rd2 Nc5 21. Qxc4 Nb3 22. Qg4+ Kf8 23. Qxa4 Nxd2 24. Nxd2 Qxb2 25. Bf3 Rc1+ 26. Ke2 Rd8 27. Rd1 Rxd1 28. Qxd1 f5 29. a4 e5 30. g4 e4 31. Bg2 fxg4 32. Bxe4 Qe5 1/2-1/2


[Site "http://www.chessbomb.com"]

[Event "World Junior Chess Championship U20 2022"]
[White "Batsuren, Dambasuren"]
[Black "Veiga, Jose Francisco R P Neves"]
[WhiteFideId "4902920"]
[BlackFideId "1930087"]
[WhiteElo "2522"]
[BlackElo "2409"]
[Result "1-0"]
[Round "02"]
[TimeControl "5400+30"]
[Date "2022.10.13"]
[WhiteClock "0:06:40"]
[BlackClock "0:01:38"]

1. d4 Nf6 2. c4 g6 3. g3 Bg7 4. Bg2 O-O 5. Nc3 d6 6. Nf3 c5 7. d5 e6 8. O-O exd5 9. cxd5 Re8 10. Re1 a6 11. a4 Nbd7 12. e4 Qc7 13. Bf1 Ne5 14. Nxe5 Rxe5 15. Bf4 Re8 16. e5 dxe5 17. d6 Qd8 18. Bxe5 Bd7 19. Bg2 Rb8 20. a5 Re6 21. Qd2 Ne8 22. Bxg7 Rxd6 23. Qf4 Kxg7 24. Ne4 Rc6 25. Nxc5 Rf6 26. Qe5 Bc6 27. Bxc6 bxc6 28. Ne4 Rb5 29. Qc3 Nd6 30. Nxf6 Qxf6 31. Re7 Qxc3 32. bxc3 Nc4 33. Ra7 Nxa5 34. Rxa6 Nb3 35. Rb1 c5 36. Rc6 Rb7 37. g4 Kf8 38. Kg2 Ke7 39. g5 Kd7 40. Rf6 Ke7 41. h4 c4 42. Rc6 1-0


[Site "http://www.chessbomb.com"]

[Event "World Junior Chess Championship U20 2022"]
[White "Kanyamarala, Tarun"]
[Black "Seo, Jung Min"]
[WhiteFideId "45004714"]
[BlackFideId "1734687"]
[WhiteElo "2407"]
[BlackElo "2520"]
[Result "1/2-1/2"]
[Round "02"]
[TimeControl "5400+30"]
[Date "2022.10.13"]
[WhiteClock "0:20:51"]
[BlackClock "0:43:24"]

1. d4 Nf6 2. c4 e6 3. Nc3 Bb4 4. e3 O-O 5. Bd3 d5 6. Nf3 c5 7. O-O dxc4 8. Bxc4 Nc6 9. a3 Bxc3 10. bxc3 Qc7 11. Bb2 h6 12. Qe2 e5 13. h3 Bf5 14. Bb5 e4 15. Nd2 a6 16. Bxc6 Qxc6 17. c4 cxd4 18. exd4 Rfe8 19. Rfd1 Rac8 20. Rac1 Nd7 21. Nf1 Bg6 22. Ne3 f5 23. c5 f4 24. d5 Qb5 25. Qxb5 axb5 26. c6 bxc6 27. dxc6 Nb6 28. Bd4 Nc4 29. Nxc4 bxc4 30. Rxc4 e3 31. fxe3 fxe3 32. Re1 e2 33. Bf2 Bd3 34. Rc3 Ba6 35. c7 Rf8 36. Bg3 Rf1+ 37. Kh2 Kf7 38. Rc6 Bb5 39. Rc5 Ba6 40. Rc6 Bb5 41. Rc2 Rxe1 42. Bxe1 Ke7 43. Bg3 Kd7 44. a4 Ba6 45. Rd2+ Ke7 46. Kg1 Rxc7 47. Rxe2+ Bxe2 48. Bxc7 Kd7 49. Be5 g6 50. Kf2 Bc4 51. g4 h5 52. gxh5 gxh5 53. h4 Kc6 54. Ke3 Kb7 55. a5 Ka6 56. Kf4 Kxa5 57. Bd4 Kb5 58. Be5 1/2-1/2


[Site "http://www.chessbomb.com"]

[Event "World Junior Chess Championship U20 2022"]
[White "Davtyan, Artur"]
[Black "Barseghyan, Armen Ar."]
[WhiteFideId "13308327"]
[BlackFideId "13306707"]
[WhiteElo "2517"]
[BlackElo "2402"]
[Result "0-1"]
[Round "02"]
[TimeControl "5400+30"]
[Date "2022.10.13"]
[WhiteClock "0:30:16"]
[BlackClock "1:03:59"]

1. d4 Nf6 2. c4 e6 3. Nf3 d5 4. Nc3 c5 5. cxd5 Nxd5 6. e4 Nxc3 7. bxc3 cxd4 8. cxd4 Bb4+ 9. Bd2 Bxd2+ 10. Qxd2 O-O 11. Bc4 Nd7 12. O-O b6 13. Rfe1 Bb7 14. Rad1 Rc8 15. Bb3 Re8 16. h3 h6 17. Re3 Nf6 18. Qe1 Qc7 19. d5 exd5 20. e5 Nd7 21. Bxd5 Bxd5 22. Rxd5 Nf8 23. Nd4 Qc4 24. Rd6 Qxa2 25. Rg3 Qa5 26. Qxa5 bxa5 27. Nc6 Ng6 28. Re3 a4 29. Kh2 Re6 30. Nxa7 Ra8 31. Nc6 a3 32. Rxe6 fxe6 33. Re1 a2 34. Ra1 Ra4 35. Nd8 Nf4 36. g3 Ne2 37. Nxe6 Nc3 38. Nc7 Ra7 39. Ne6 Rb7 40. Nd4 Rb1 41. Nc2 Rb2 42. Nd4 Rxf2+ 43. Kg1 Rb2 44. Rf1 Ne2+ 45. Nxe2 Rb1 46. Nc3 Rxf1+ 0-1


[Site "http://www.chessbomb.com"]

[Event "World Junior Chess Championship U20 2022"]
[White "Kozak, Adam"]
[Black "Peyrer, Konstantin"]
[WhiteFideId "753246"]
[BlackFideId "1640879"]
[WhiteElo "2516"]
[BlackElo "2402"]
[Result "1-0"]
[Round "02"]
[TimeControl "5400+30"]
[Date "2022.10.13"]
[WhiteClock "0:02:32"]
[BlackClock "0:37:10"]

1. e4 c5 2. Nf3 d6 3. Bb5+ Nd7 4. a4 Nf6 5. Nc3 g6 6. O-O Bg7 7. a5 a6 8. Be2 O-O 9. d3 Rb8 10. Ra2 Ng4 11. d4 cxd4 12. Nxd4 Nge5 13. Nb3 Nf6 14. f4 Nc6 15. Bf3 Bd7 16. Be3 Qc8 17. h3 Be6 18. Ra4 Bxb3 19. cxb3 e5 20. f5 Qd8 21. g4 h6 22. g5 hxg5 23. Bxg5 Qc7 24. Kh1 Nh7 25. Nd5 Qd7 26. Be3 Qd8 27. Bg4 Qh4 28. Bf2 Qh6 29. Be3 Qh4 30. Qd2 Nf6 31. Bg5 Qh8 32. Kg2 Nd4 33. Ne7+ Kh7 34. Qf2 Bh6 35. Bxf6 1-0


[Site "http://www.chessbomb.com"]

[Event "World Junior Chess Championship U20 2022"]
[White "Kacharava, Nikolozi"]
[Black "Lumachi, Gabriele"]
[WhiteFideId "13611860"]
[BlackFideId "2817247"]
[WhiteElo "2512"]
[BlackElo "2387"]
[Result "1-0"]
[Round "02"]
[TimeControl "5400+30"]
[Date "2022.10.13"]
[WhiteClock "0:03:05"]
[BlackClock "0:02:07"]

1. e4 e5 2. Nf3 Nf6 3. d4 Nxe4 4. Bd3 Nc6 5. dxe5 Nc5 6. Bc4 d6 7. exd6 Qxd6 8. Qe2+ Be6 9. Nc3 O-O-O 10. Nb5 Qd7 11. Be3 a6 12. Nc3 Bxc4 13. Qxc4 Qe6 14. Qe2 h6 15. O-O Ne4 16. Nxe4 Qxe4 17. c3 Bc5 18. Nd2 Qd3 19. Qxd3 Rxd3 20. Bxc5 Rxd2 21. Rab1 Rhd8 22. Rfc1 g5 23. Be3 R2d3 24. Kf1 f5 25. Ke2 R3d7 26. Rd1 f4 27. Rxd7 Kxd7 28. Rd1+ Ke6 29. Rxd8 Nxd8 30. Bd4 Kf5 31. f3 b5 32. Kd3 Ne6 33. Bf2 Ke5 34. c4 b4 35. a3 c5 36. axb4 cxb4 37. Kc2 Nd4+ 38. Kd3 Ne6 39. Bb6 Kd6 40. Kc2 h5 41. Kb3 Kc6 42. Bg1 g4 43. fxg4 hxg4 44. Kxb4 Ng5 45. Ba7 Kb7 46. Bf2 Ne4 47. Bd4 Kc6 48. Ka5 Nc5 49. Bg1 Nd3 50. b4 Kb7 51. h4 Ne5 52. c5 Nc4+ 53. Ka4 Ne3 54. h5 Nxg2 55. h6 Nh4 56. h7 Ng6 57. Bd4 g3 58. Be5 g2 59. Bd4 Nh8 60. Ka5 Nf7 61. Bg1 f3 62. Bf2 Nh8 63. Be3 Ng6 64. Bg1 Nh8 65. c6+ Kxc6 66. Kxa6 Kd5 1-0


[Site "http://www.chessbomb.com"]

[Event "World Junior Chess Championship U20 2022"]
[White "Horvath, Dominik"]
[Black "Isik, Alparslan"]
[WhiteFideId "1642561"]
[BlackFideId "34506896"]
[WhiteElo "2505"]
[BlackElo "2377"]
[Result "1/2-1/2"]
[Round "02"]
[TimeControl "5400+30"]
[Date "2022.10.13"]
[WhiteClock "0:14:04"]
[BlackClock "0:05:26"]

1. e4 e5 2. Nc3 Nf6 3. Nf3 Nc6 4. Bb5 Nd4 5. Bc4 Nxf3+ 6. Qxf3 d6 7. d3 Be7 8. O-O O-O 9. Bb3 c6 10. Ne2 Bg4 11. Qe3 Qb6 12. f3 Be6 13. Bxe6 Qxe3+ 14. Bxe3 fxe6 15. a4 d5 16. a5 Nd7 17. c3 b5 18. a6 c5 19. d4 exd4 20. cxd4 cxd4 21. Nxd4 Bc5 22. exd5 exd5 23. Rfe1 Rae8 24. Bf2 Rxe1+ 25. Rxe1 Rf6 26. Ra1 Nb8 27. Nxb5 Bxf2+ 28. Kxf2 Rb6 29. Nxa7 Rxb2+ 30. Ke3 Rb6 31. Kd4 Nxa6 32. Kxd5 Nc7+ 33. Ke5 Rb2 34. Rg1 Re2+ 35. Kd6 Ne8+ 36. Kc5 Rc2+ 37. Kd4 Nd6 38. Ke5 Nb5 39. Nxb5 Rc5+ 40. Kf4 Rxb5 41. g4 h5 42. g5 Rb4+ 43. Kf5 Kh7 44. Re1 g6+ 45. Ke6 Rf4 46. Re3 Rf5 47. h4 Kg8 48. Ke7 Kg7 49. Ke6 Kg8 50. Rd3 Kg7 51. Kd7 Kg8 52. Re3 Kg7 53. Ke7 Rf7+ 54. Ke8 Rf8+ 55. Kd7 Rf5 56. Re7+ Kg8 57. Re6 Kg7 58. Re7+ 1/2-1/2


[Site "http://www.chessbomb.com"]

[Event "World Junior Chess Championship U20 2022"]
[White "Bournel, Antoine"]
[Black "Gadimbayli, Abdulla"]
[WhiteFideId "26093553"]
[BlackFideId "13404938"]
[WhiteElo "2402"]
[BlackElo "2499"]
[Result "0-1"]
[Round "02"]
[TimeControl "5400+30"]
[Date "2022.10.13"]
[WhiteClock "0:00:50"]
[BlackClock "0:01:12"]

1. d4 e6 2. c4 Nf6 3. Nf3 b6 4. a3 Bb7 5. Bf4 g6 6. Nc3 Bg7 7. e3 O-O 8. Be2 d6 9. Qc2 Qe7 10. e4 e5 11. dxe5 dxe5 12. Bg5 h6 13. Bh4 c6 14. O-O Na6 15. b4 Nc7 16. b5 Qe6 17. Rac1 Rac8 18. Qb1 cxb5 19. cxb5 Nce8 20. Bd1 Nxe4 21. Bb3 Qf5 22. Nd5 Bxd5 23. Rxc8 Qxc8 24. Bxd5 Nc3 25. Qc2 Qc5 26. Bc6 Nc7 27. a4 f5 28. Be7 Qxe7 29. Qxc3 Rd8 30. Nd2 Kh7 31. Nc4 Qc5 32. Qb3 Ne6 33. Ne3 Qe7 34. Rc1 Nc5 35. Qc2 e4 36. Rd1 Rd3 37. Bd5 Qe5 38. Bc4 Rxd1+ 39. Qxd1 Qa1 40. Qxa1 Bxa1 41. Nd5 Nxa4 42. f3 exf3 43. gxf3 Bd4+ 44. Kf1 Be5 45. h3 Nb2 46. Bb3 Nd3 47. Bc4 Nc5 48. Ne7 Kg7 49. Nc6 Kf6 50. Nxa7 Nb7 51. Nc8 Bc7 52. Kf2 Bd8 53. Bd5 Nc5 54. Na7 Ke5 55. Bf7 Bh4+ 56. Ke3 Bg5+ 57. Kf2 Nd3+ 58. Kg3 Bf4+ 59. Kg2 Bd2 60. Nc6+ Kf6 61. Bc4 Nf4+ 62. Kg3 Be1+ 63. Kh2 Bc3 64. Kg3 Be5 65. h4 Bd6 66. Kf2 Nh5 67. Kg2 Bc5 68. Ba2 Nf4+ 69. Kg3 Ne2+ 70. Kg2 Nc3 71. Bc4 Nd1 72. Bb3 Ne3+ 73. Kf2 f4 74. Ke2 Nf5 75. Kd3 Nxh4 76. Ke4 Be3 77. Ne5 Nf5 78. Nd7+ Kg5 79. Nf8 h5 80. Ke5 Nd4 81. Bd5 Nxb5 82. Bf7 Nd4 83. Nh7+ Kh6 84. Nf6 Nxf3+ 0-1


[Site "http://www.chessbomb.com"]

[Event "World Junior Chess Championship U20 2022"]
[White "Zhu, Jiner"]
[Black "Milosevic, Milos"]
[WhiteFideId "8608059"]
[BlackFideId "964875"]
[WhiteElo "2484"]
[BlackElo "2379"]
[Result "1-0"]
[Round "02"]
[TimeControl "5400+30"]
[Date "2022.10.13"]
[WhiteClock "0:26:43"]
[BlackClock "0:01:28"]

1. e4 e6 2. d4 d5 3. e5 c5 4. c3 Ne7 5. Bd3 Nec6 6. Nf3 b6 7. Qe2 a5 8. a4 Ba6 9. Bb5 Be7 10. O-O O-O 11. b3 cxd4 12. Nxd4 Bxb5 13. axb5 Nxd4 14. cxd4 Nd7 15. Nc3 Rc8 16. Bd2 Bb4 17. Rfc1 f6 18. exf6 Qxf6 19. Na4 Bxd2 20. Qxd2 e5 21. dxe5 Qxe5 22. Rd1 Rf5 23. f3 Rc7 24. Rac1 Rxc1 25. Qxc1 d4 26. Qc4+ Kf8 27. Qxd4 Qxd4+ 28. Rxd4 Ke7 29. Nc3 Rc5 30. Rd3 Ke6 31. f4 Nf6 32. g3 g5 33. fxg5 Rxg5 34. Kg2 Rg4 35. Ne2 Rg5 36. Nd4+ Kd6 37. Rf3 Nd5 38. Rf8 Nc7 39. Rd8+ Kc5 40. Rd7 Rd5 41. Rxh7 Kxd4 42. Rxc7 Rxb5 43. h4 Rxb3 44. h5 Rb2+ 45. Kh3 Rb1 46. g4 a4 47. g5 Ke4 48. g6 Rh1+ 49. Kg4 a3 50. Re7+ Kd5 51. Ra7 Ke6 52. Kg5 Rh3 53. g7 Rg3+ 54. Kh6 Kf6 55. Rxa3 1-0


[Site "http://www.chessbomb.com"]

[Event "World Junior Chess Championship U20 2022"]
[White "Di Benedetto, Edoardo"]
[Black "Samunenkov, Ihor"]
[WhiteFideId "875740"]
[BlackFideId "14187086"]
[WhiteElo "2396"]
[BlackElo "2473"]
[Result "0-1"]
[Round "02"]
[TimeControl "5400+30"]
[Date "2022.10.13"]
[WhiteClock "0:00:49"]
[BlackClock "0:28:41"]

1. d4 Nf6 2. c4 e6 3. Nf3 b6 4. g3 c6 5. Bg2 Be7 6. O-O O-O 7. Nc3 d5 8. Nd2 a5 9. e4 dxc4 10. Nxc4 Ba6 11. b3 b5 12. Ne3 b4 13. Ne2 Bxe2 14. Qxe2 Qxd4 15. Bb2 Qa7 16. Rac1 Qa6 17. Rc4 Nbd7 18. e5 Nd5 19. Qh5 Rfd8 20. Ng4 g6 21. Nh6+ Kg7 22. Qh3 Rh8 23. Ng4 h5 24. Ne3 Rad8 25. Rfc1 Nxe3 26. fxe3 Bg5 27. Rxc6 Qe2 28. Rf1 Qxb2 29. Rxf7+ Kh6 0-1


[Site "http://www.chessbomb.com"]

[Event "World Junior Chess Championship U20 2022"]
[White "Chukavin, Kirill"]
[Black "Stefansson, Vignir Vatnar"]
[WhiteFideId "4503023"]
[BlackFideId "2308649"]
[WhiteElo "2384"]
[BlackElo "2471"]
[Result "0-1"]
[Round "02"]
[TimeControl "5400+30"]
[Date "2022.10.13"]
[WhiteClock "0:13:57"]
[BlackClock "0:40:08"]

1. e4 e6 2. d4 d5 3. Nd2 Be7 4. Bd3 c5 5. dxc5 Nf6 6. Qe2 O-O 7. Ngf3 a5 8. O-O Na6 9. exd5 exd5 10. Re1 Re8 11. Bb5 Bd7 12. Bxd7 Qxd7 13. Ne5 Qc7 14. Qb5 Nb4 15. Qa4 Bxc5 16. Ndf3 Ne4 17. Re2 Nxf2 18. Be3 Bxe3 19. Rxe3 Qxc2 20. Qd7 Rf8 21. Rf1 Ne4 22. Kh1 Qc8 23. a3 Qc5 24. Re2 Nc6 25. Qxb7 Nxe5 26. Nxe5 Ra7 27. Qc6 Qd4 28. Nf3 Qd3 29. Qc2 Qa6 30. Rc1 Re7 31. Nd4 Qf6 32. Rd1 Rfe8 33. Kg1 Nd6 34. Rxe7 Qxe7 35. Nf3 Nc4 36. Qf2 Qb7 37. Qd4 Qb8 38. h3 h6 39. Kh1 a4 40. Nd2 Qxb2 41. Qxd5 Nxd2 42. Rxd2 Qxa3 43. Rf2 Qa1+ 44. Kh2 Qe5+ 0-1


[Site "http://www.chessbomb.com"]

[Event "World Junior Chess Championship U20 2022"]
[White "Nogerbek, Kazybek"]
[Black "Rohith, Krishna S"]
[WhiteFideId "13710427"]
[BlackFideId "46617051"]
[WhiteElo "2467"]
[BlackElo "2370"]
[Result "1/2-1/2"]
[Round "02"]
[TimeControl "5400+30"]
[Date "2022.10.13"]
[WhiteClock "0:21:07"]
[BlackClock "0:06:27"]

1. d4 Nf6 2. Nf3 e6 3. c4 d5 4. Nc3 Be7 5. Bf4 O-O 6. e3 b6 7. cxd5 Nxd5 8. Nxd5 exd5 9. Bd3 c5 10. b3 Nc6 11. O-O Be6 12. Rc1 Nb4 13. Bb1 a5 14. Ne5 Qe8 15. Nd3 Rc8 16. dxc5 bxc5 17. a3 Nxd3 18. Qxd3 f5 19. Qa6 Qc6 20. Qxa5 Ra8 21. Qc3 Rxa3 22. Be5 Rf7 23. Qb2 Qa8 24. Bc2 Bf8 25. Ra1 Rfa7 26. Rxa3 Rxa3 27. Qb1 g6 28. h3 Qb7 29. Qd1 Bg7 30. Bxg7 Qxg7 31. Qc1 Ra5 32. Bd3 Qe5 33. Rd1 Bf7 34. Be2 Kg7 35. Bf3 Rb5 36. Be2 Rxb3 37. Qxc5 f4 38. Bd3 fxe3 39. fxe3 Rc3 40. Qa7 Rc7 41. Qd4 Qxd4 42. exd4 Ra7 43. Be2 Be6 44. Bf3 Kf6 45. Kf2 Ra3 46. Rb1 Ra2+ 47. Ke3 Ra3+ 48. Kf2 Ra2+ 49. Ke3 1/2-1/2


[Site "http://www.chessbomb.com"]

[Event "World Junior Chess Championship U20 2022"]
[White "Gatineau, Yovann"]
[Black "Kosakowski, Jakub"]
[WhiteFideId "26028999"]
[BlackFideId "1185080"]
[WhiteElo "2375"]
[BlackElo "2465"]
[Result "0-1"]
[Round "02"]
[TimeControl "5400+30"]
[Date "2022.10.13"]
[WhiteClock "0:01:01"]
[BlackClock "0:41:24"]

1. e4 c6 2. d4 d5 3. e5 Bf5 4. Nd2 e6 5. Nb3 a6 6. Nf3 Nd7 7. Be3 Rc8 8. Be2 c5 9. dxc5 Bxc5 10. Nfd4 Ne7 11. Nxc5 Nxc5 12. g4 Be4 13. f3 Bg6 14. f4 Be4 15. Bf3 h5 16. f5 Bxf3 17. Qxf3 hxg4 18. Qxg4 Nxf5 19. Nxf5 exf5 20. Qxf5 Qh4+ 21. Bf2 Qe4+ 22. Qxe4 Nxe4 23. c3 Kd7 24. O-O Ke6 25. Bd4 Rh4 26. Kg2 Rch8 27. Rh1 R8h6 28. Rag1 Rf4 29. h3 Nd2 30. Bf2 Rg6+ 31. Bg3 Ne4 32. Kh2 Nxg3 33. Rxg3 Rf2+ 34. Kg1 Rxb2 35. Rxg6+ fxg6 36. Rh2 Rxh2 37. Kxh2 Kxe5 0-1


[Site "http://www.chessbomb.com"]

[Event "World Junior Chess Championship U20 2022"]
[White "Mladek, Richard"]
[Black "Ramoutar, Alan-Safar"]
[WhiteFideId "386588"]
[BlackFideId "7704224"]
[WhiteElo "2371"]
[BlackElo "2449"]
[Result "1-0"]
[Round "02"]
[TimeControl "5400+30"]
[Date "2022.10.13"]
[WhiteClock "0:02:48"]
[BlackClock "0:00:49"]

1. d4 d5 2. c4 e6 3. Nc3 c6 4. e3 Nf6 5. Nf3 a6 6. b3 Bb4 7. Bd2 Nbd7 8. Bd3 O-O 9. O-O Bd6 10. e4 dxc4 11. bxc4 e5 12. c5 Bc7 13. Na4 exd4 14. h3 Re8 15. Qc2 h6 16. Rad1 Nh5 17. Nxd4 Ne5 18. Be3 Qh4 19. f4 Qg3 20. Bc1 Bxh3 21. fxe5 Bxe5 22. Nf3 Bg4 23. Qf2 Bxf3 24. Qxg3 Bd4+ 25. Kh2 Nxg3 26. Rxf3 Nxe4 27. Bc4 Be5+ 28. Kg1 Nf6 29. Rfd3 Re7 30. Bb3 Rae8 31. Bb2 Bxb2 32. Nxb2 Ng4 33. Rd8 Rxd8 34. Rxd8+ Kh7 35. Kf1 f5 36. Nc4 g5 37. Bc2 Kg6 38. Rf8 Kh5 39. Rxf5 Kh4 40. Bd3 Nh2+ 41. Kf2 Ng4+ 42. Kg1 Ne3 43. Nd6 g4 44. Rf8 Re5 45. Ne4 Nf5 46. Kf2 Rd5 47. Bc4 Re5 48. g3+ Kh3 49. Bd3 Nd4 50. Ke3 Rd5 51. Bc4 Nc2+ 52. Kf2 Re5 53. Rf6 h5 54. Bd3 Nb4 55. Bb1 Nd5 56. Rf7 Ne7 57. Bd3 Kh2 58. a3 Nf5 59. Rh7 h4 60. Nd6 Rxc5 61. Nxf5 h3 62. Ne3 1-0


[Site "http://www.chessbomb.com"]

[Event "World Junior Chess Championship U20 2022"]
[White "Stoyanov, Tsvetan"]
[Black "Stremavicius, Pijus"]
[WhiteFideId "2917173"]
[BlackFideId "12812730"]
[WhiteElo "2449"]
[BlackElo "2363"]
[Result "1-0"]
[Round "02"]
[TimeControl "5400+30"]
[Date "2022.10.13"]
[WhiteClock "0:07:48"]
[BlackClock "0:18:40"]

1. c4 e6 2. Nf3 d5 3. e3 Nf6 4. Nc3 c5 5. cxd5 Nxd5 6. Nxd5 Qxd5 7. b3 Be7 8. Bb2 O-O 9. Qc2 Nc6 10. a3 Rd8 11. Bc4 Qd6 12. h4 Bf6 13. Bxf6 gxf6 14. Rh3 Ne5 15. Rg3+ Kh8 16. Qc3 Bd7 17. Rg5 Nxf3+ 18. gxf3 e5 19. Rh5 Rg8 20. O-O-O Bc6 21. f4 e4 22. Rf5 Rg6 23. Bxf7 Rh6 24. Rg1 Rf8 25. Rfg5 1-0


[Site "http://www.chessbomb.com"]

[Event "World Junior Chess Championship U20 2022"]
[White "Vestby-Ellingsen, Mads"]
[Black "Neelash, Saha"]
[WhiteFideId "1520857"]
[BlackFideId "5094160"]
[WhiteElo "2365"]
[BlackElo "2446"]
[Result "1-0"]
[Round "02"]
[TimeControl "5400+30"]
[Date "2022.10.13"]
[WhiteClock "0:07:49"]
[BlackClock "0:31:26"]

1. d4 Nf6 2. c4 e6 3. Nc3 d5 4. cxd5 exd5 5. Bg5 Bb4 6. Nf3 h6 7. Bh4 Qd6 8. e3 Ne4 9. Rc1 c5 10. Bd3 g5 11. Bg3 Nxg3 12. dxc5 Qe7 13. hxg3 Nc6 14. O-O Be6 15. Bb5 Qxc5 16. Nd4 O-O 17. Bxc6 bxc6 18. Qh5 Kg7 19. f4 gxf4 20. Rxf4 Rae8 21. Rcf1 f5 22. Rh4 Rh8 23. Nxe6+ Rxe6 24. Rg4+ Kf8 25. Qxf5+ 1-0


[Site "http://www.chessbomb.com"]

[Event "World Junior Chess Championship U20 2022"]
[White "Yaniv, Yuval"]
[Black "Gurel, Ediz"]
[WhiteFideId "2823900"]
[BlackFideId "44507356"]
[WhiteElo "2359"]
[BlackElo "2445"]
[Result "1-0"]
[Round "02"]
[TimeControl "5400+30"]
[Date "2022.10.13"]
[WhiteClock "0:04:48"]
[BlackClock "0:09:52"]

1. e4 c5 2. Nf3 d6 3. Bb5+ Bd7 4. Bxd7+ Qxd7 5. c4 Nc6 6. d4 cxd4 7. Nxd4 Nf6 8. Nc3 g6 9. f3 Bg7 10. Be3 O-O 11. O-O Rfc8 12. b3 a6 13. a4 Qd8 14. Qd2 Nd7 15. Rab1 Qa5 16. Rfd1 Rab8 17. b4 Qd8 18. Nxc6 Rxc6 19. c5 Ne5 20. Bf2 Rcc8 21. Nd5 Nd7 22. Bh4 Nf6 23. Nxf6+ Bxf6 24. Bxf6 exf6 25. Qxd6 Qe8 26. Qxf6 Qxa4 27. h4 h5 28. Rd5 Re8 29. Qd4 Re6 30. Rd7 Qb5 31. Rd1 b6 32. Rd8+ Rxd8 33. Qxd8+ Kg7 34. Qd4+ Kh7 35. Qd7 Qxd7 36. Rxd7 Kg7 37. Rd6 bxc5 38. bxc5 Kf6 39. Kf2 Ke7 40. Rd2 a5 41. Ke3 a4 42. Kd4 a3 43. Kd5 Ra6 44. Ra2 Kd7 45. g3 Ra5 46. g4 hxg4 47. fxg4 Ra6 48. e5 Ra4 49. h5 gxh5 50. gxh5 Ra6 51. h6 Rxh6 52. Rxa3 Rh1 53. c6+ Kd8 54. Ra8+ Kc7 55. Ra7+ Kd8 56. Rxf7 Rd1+ 57. Ke6 Rc1 58. Rd7+ Kc8 59. Kd6 Rd1+ 60. Ke7 Rc1 61. c7 Rh1 62. e6 Re1 63. Rd2 Rf1 64. Rc2 Re1 65. Kf7 Rf1+ 66. Ke8 Re1 67. e7 Rf1 68. Rc4 Rf2 69. Rg4 Kxc7 70. Rc4+ Kb7 71. Kd7 Rd2+ 72. Ke6 Re2+ 73. Kd6 Re1 74. Rc5 1-0


[Site "http://www.chessbomb.com"]

[Event "World Junior Chess Championship U20 2022"]
[White "Kozak, Antoni"]
[Black "Jakab, Bela"]
[WhiteFideId "21832030"]
[BlackFideId "14933128"]
[WhiteElo "2440"]
[BlackElo "2353"]
[Result "0-1"]
[Round "02"]
[TimeControl "5400+30"]
[Date "2022.10.13"]
[WhiteClock "0:10:32"]
[BlackClock "0:04:30"]

1. Nf3 d5 2. e3 Nf6 3. c4 e6 4. b3 Be7 5. Bb2 O-O 6. Nc3 dxc4 7. Bxc4 c5 8. Rg1 a6 9. Qe2 Nc6 10. Bd3 e5 11. Ne4 Qd5 12. Nfg5 Nxe4 13. Bxe4 Qd6 14. Nf3 Be6 15. Bxc6 Qxc6 16. Nxe5 Qc7 17. f4 b5 18. g4 f6 19. Nf3 c4 20. Nd4 Bf7 21. Nf5 Qd7 22. Nxe7+ Qxe7 23. g5 f5 24. bxc4 bxc4 25. h4 Rfc8 26. Kf2 Bd5 27. Be5 Be4 28. Rgc1 Qe6 29. Rc3 Rc6 30. Rac1 Rac8 31. h5 Qd5 32. Bd4 Qb5 33. Ra3 Qb4 34. Rac3 Qb5 35. Qd1 Qa5 36. Kg3 Qd5 37. Ra3 Rb8 38. Rac3 Rbc8 39. Kf2 Qb5 40. Kg3 Qd5 41. R3c2 Bxc2 42. Qxc2 Qf7 43. Rb1 Rd6 44. Qd1 Re8 45. Qf3 Rxd4 46. exd4 Qd7 47. Qc3 Qf7 48. Qf3 Qd7 49. d5 Qd6 50. Rf1 Qc5 51. Rf2 Re4 52. d6 Qxd6 53. Re2 Qd4 54. Rxe4 fxe4 55. Qc3 Qc5 56. Kg2 Qc6 57. Kg3 Qd5 58. Kf2 Kf7 59. h6 gxh6 60. gxh6 Ke6 61. Ke1 Qc5 62. Qg7 c3 63. Qg8+ Kf6 64. Qh8+ Ke6 65. Qxc3 Qg1+ 66. Ke2 Qg4+ 67. Ke3 Qf3+ 68. Kd4 Qxf4 69. Qc4+ Kf5 70. Qd5+ Kf6 71. Qc6+ Kg5 72. Kc3 Qf3+ 73. Kb4 Qd3 74. Qc5+ Kxh6 75. Qf8+ Kg5 76. Qg7+ Kf4 77. Ka4 Kf3 78. Qxh7 Qxd2 79. Qf5+ Ke3 80. Qg5+ Ke2 81. Qh5+ Kf2 82. Qf5+ Ke3 83. Qg5+ Kd3 84. Qd5+ Kc3 85. Qc6+ Kb2 86. Qxe4 Qd7+ 87. Kb4 Qb5# 0-1


[Site "http://www.chessbomb.com"]

[Event "World Junior Chess Championship U20 2022"]
[White "Lux, Hugo de Melo"]
[Black "Baenziger, Fabian"]
[WhiteFideId "2138298"]
[BlackFideId "1330110"]
[WhiteElo "2309"]
[BlackElo "2439"]
[Result "1/2-1/2"]
[Round "02"]
[TimeControl "5400+30"]
[Date "2022.10.13"]
[WhiteClock "0:00:33"]
[BlackClock "0:11:03"]

1. e4 c5 2. Nc3 d6 3. f4 g6 4. Nf3 Bg7 5. Bc4 Nc6 6. O-O e6 7. d4 cxd4 8. Nb5 Nge7 9. Bb3 O-O 10. Nbxd4 Na5 11. Be3 a6 12. Qe1 Bd7 13. Rd1 Qc7 14. Qh4 Nxb3 15. axb3 f6 16. c4 Rae8 17. Qf2 b5 18. Qe2 Qb7 19. Bf2 e5 20. fxe5 dxe5 21. Nc2 bxc4 22. bxc4 Bc6 23. Rfe1 f5 24. Ng5 Nc8 25. Bc5 Rf6 26. exf5 gxf5 27. Ne3 h6 28. Nh3 Be4 29. Qh5 Qc6 30. Nf2 Rf7 31. Nxe4 Qxe4 32. Rd7 Ne7 33. Bxe7 Rexe7 34. Rxe7 Rxe7 35. Qxf5 Qd4 36. Qc8+ Kh7 37. Qf5+ Kg8 38. Qc8+ Kh7 39. Qf5+ 1/2-1/2


[Site "http://www.chessbomb.com"]

[Event "World Junior Chess Championship U20 2022"]
[White "Blohberger, Felix"]
[Black "Ballesteros Cardenas, Leonardo"]
[WhiteFideId "1632051"]
[BlackFideId "3428141"]
[WhiteElo "2493"]
[BlackElo "2121"]
[Result "1-0"]
[Round "02"]
[TimeControl "5400+30"]
[Date "2022.10.13"]
[WhiteClock "0:12:44"]
[BlackClock "0:14:13"]

1. Nf3 Nf6 2. g3 d5 3. Bg2 c5 4. O-O Nc6 5. d4 e6 6. c4 Be7 7. cxd5 exd5 8. Nc3 O-O 9. a3 h6 10. dxc5 Bxc5 11. b4 Be7 12. Bb2 Be6 13. Rc1 Qd7 14. Rc2 Rfd8 15. Rd2 Qc7 16. Qa1 Rd7 17. Rc1 Qd8 18. e3 Rc8 19. Ne2 a6 20. Rcd1 Qb6 21. Nf4 a5 22. Nxe6 fxe6 23. Bh3 Rd6 24. bxa5 Nxa5 25. Bd4 Qa6 26. Bxf6 Bxf6 27. Qb1 Nc4 28. Rxd5 Rxd5 29. Rxd5 Qc6 30. Nd4 Bxd4 31. Rxd4 Ne5 32. Bg2 Nf3+ 33. Bxf3 Qxf3 34. Rd1 Qc6 35. Qb3 Ra8 36. h4 b5 37. Rd4 Kh8 38. Qb2 Rc8 39. Kh2 Kg8 40. Rg4 Rc7 41. Qe5 Rf7 42. Rf4 Rxf4 43. exf4 Kh7 44. Qd4 Qc4 45. Qe3 Qd5 46. g4 Qc4 47. Kg3 Qd5 48. h5 g6 49. Qa7+ Kg8 50. hxg6 Qd3+ 51. f3 Qxg6 52. Qb8+ Kf7 53. Qb7+ Kf6 54. Qxb5 Qc2 55. Qe5+ Kf7 56. f5 1-0


[Site "http://www.chessbomb.com"]